 Dungeon Crawl Stone Soup version 0.28-a0-1374-ga75cb3825e (webtiles) character file.

Game seed: 566512818542618690

258776 Shayle the Spry (level 19, -18/229 HPs)
             Began as a Demonspawn Warper on Jan 1, 2022.
             Was the Champion of Uskayaw.
             Killed by vampiric draining
             ... invoked by a ghostly deep elf death mage
              (20 damage)
             ... on level 3 of the Elven Halls.
             The game lasted 02:32:16 (45835 turns).

Shayle the Spry (Demonspawn Warper)                Turns: 45835, Time: 02:32:17

Health: -18/229    AC: 16    Str: 12    XL:     19   Next: 13%
Magic:  31/31      EV: 32    Int: 16    God:    Uskayaw [******]
Gold:   4991       SH: 17    Dex: 31    Spells: 19/29 levels left

rFire   + + .      SeeInvis +   W - +7 captain's cutlass {speed, disarm}
rCold   + + .      Faith    .   r - +0 kite shield {reflect}
rNeg    . . .      Spirit   .   w - +3 leather armour {rC+ rF+}
rPois   +          Reflect  +   (helmet unavailable)
rElec   +          Harm     .   N - +2 cloak {rPois}
rCorr   +          Rampage  ∞   s - +1 pair of gloves
Will    +++..                   j - +3 pair of seven-league boots {Rampage+∞}
Stlth   ..........              x - amulet of Ruv Okem {RegenMP Will+}
HPRegen 0.48/turn               h - ring of see invisible
MPRegen 0.62/turn               f - ring of Incredulity {Will+ Dex+6 Stlth+}

@: mighty, berserking (expiring), resistant, very quick
A: horns 3, thin skeletal structure 3, foul stench 2, spiny 3
}: 2/15 runes: decaying, gossamer
a: Renounce Religion, Stomp, Line Pass, Grand Finale


You were on level 3 of the Elven Halls.
You worshipped Uskayaw.
Uskayaw was most pleased with you.
You visited 7 branches of the dungeon, and saw 34 of its levels.
You also visited: Sewer, Ice Cave and Volcano.

You collected 6569 gold pieces.
You spent 1578 gold pieces at shops.

Inventory:

Hand Weapons
 b - a +3 scimitar of flaming
 o - a +9 quick blade of chaos
 O - the +4 long sword of Circular Logic {venom, rF+ Dex+3}
   (You found it on level 2 of the Elven Halls)

   It poisons the flesh of those it strikes.
   Dex:       It affects your dexterity (+3).
   rF:        It protects you from fire.
 W - the +7 captain's cutlass (weapon) {speed, disarm}
   (You bought it in a shop on level 1 of the Dungeon)

   Attacks with this weapon are significantly faster.
   It may disarm weapon-wielding foes when striking them, dealing extra damage
   in the process.
 Z - the +11 hand axe of Plunder {drain, Int+3 Dex+8}
   (You found it on level 4 of the Swamp)

   A truly terrible weapon, it drains the life of any living foe it strikes.
   Int:       It affects your intelligence (+3).
   Dex:       It affects your dexterity (+8).
Missiles
 e - 5 throwing nets
 p - 5 silver javelins (quivered)
 t - a silver boomerang
 J - 10 boomerangs of dispersal
 M - 3 boomerangs
Armour
 j - the +3 pair of seven-league boots (worn) {Rampage+∞}
   (You acquired it on level 13 of the Dungeon)

   Its wearer moves as far as possible in that direction when moving towards
   enemies.
 r - a +0 kite shield of reflection (worn)
 s - a +1 pair of gloves (worn)
 w - a +3 leather armour of resistance (worn)
 E - a +2 buckler
 N - a +2 cloak of poison resistance (worn)
Jewellery
 f - the ring of Incredulity (right hand) {Will+ Dex+6 Stlth+}
   (You acquired it on level 4 of the Lair of Beasts)

   [ring of dexterity]

   Dex:       It affects your dexterity (+6).
   Will:      It increases your willpower.
   Stlth:     It makes you more stealthy.
 g - a +4 ring of slaying
 h - a ring of see invisible (left hand)
 x - the amulet of Ruv Okem (around neck) {RegenMP Will+}
   (You found it in an ice cave)

   [amulet of magic regeneration]

   It increases your rate of magic regeneration.
   Will:      It increases your willpower.
 A - a ring of positive energy
Wands
 n - a wand of iceblast (29)
 B - a wand of charming (5)
 F - a wand of acid (16)
 G - a wand of digging (20)
 H - a wand of paralysis (27)
 I - a wand of flame (70)
Scrolls
 d - a scroll of torment {unknown}
 k - 2 scrolls of blinking
 y - a scroll of magic mapping
 z - a scroll of silence
 R - 3 scrolls of vulnerability
 S - 18 scrolls of identify
 T - a scroll of acquirement
 V - 7 scrolls of fog
 Y - 7 scrolls of teleportation
Potions
 c - 5 potions of magic
 i - 4 potions of haste
 l - 4 potions of brilliance
 m - 3 potions of berserk rage
 q - 6 potions of lignification
 v - 7 potions of mutation
 C - 2 potions of flight
 D - a potion of invisibility
 K - 2 potions of cancellation
 L - 4 potions of curing
 P - 3 potions of ambrosia
 Q - a potion of might
Miscellaneous
 u - a tin of tremorstones (2/2)


   Skills:
 + Level 14.5 Fighting
 - Level 14.0 Short Blades
 - Level 1.7 Axes
 - Level 0.8 Throwing
 + Level 4.2 Armour
 - Level 18.5 Dodging
 - Level 8.0 Stealth
 - Level 15.0 Shields
 + Level 5.5 Spellcasting
 - Level 4.0 Translocations
 - Level 17.0 Invocations


You had 19 spell levels left.
You knew the following spells:

 Your Spells              Type           Power      Damage    Failure   Level
a - Blink                 Tloc           34%        N/A       5%          2
b - Teleport Other        Tloc           17%        N/A       11%         3
c - Manifold Assault      Tloc           17%        N/A       69%         5

Your spell library contained the following spells:

 Spells                   Type           Power      Damage    Failure   Level
 Gell's Gravitas          Tloc           17%        N/A       11%         3
 Lesser Beckoning         Tloc           17%        N/A       11%         3
 Animate Skeleton         Necr           8%         N/A       19%         1
 Beastly Appendage        Tmut           8%         N/A       19%         1
 Foxfire                  Conj/Fire      16%        2x1d4     19%         1
 Magic Dart               Conj           16%        1d3       19%         1
 Pain                     Necr           16%        1d4       19%         1
 Summon Small Mammal      Summ           16%        N/A       19%         1
 Passwall                 Tmut/Erth      3%         N/A       28%         2
 Searing Ray              Conj           8%         2d4       28%         2
 Static Discharge         Conj/Air       4%         N/A       28%         2
 Wereblood                Tmut           4%         N/A       28%         2
 Passage of Golubria      Tloc           17%        N/A       34%         4
 Call Canine Familiar     Summ           4%         N/A       50%         3
 Conjure Flame            Conj/Fire      4%         6-21      50%         3
 Inner Flame              Hex/Fire       4%         N/A       50%         3
 Spider Form              Tmut/Pois      4%         N/A       50%         3
 Stone Arrow              Conj/Erth      8%         3d7       50%         3
 Summon Guardian Golem    Hex/Summ       4%         N/A       50%         3
 Swiftness                Air            4%         N/A       50%         3
 Tukima's Dance           Hex            4%         N/A       50%         3
 Vampiric Draining        Necr           4%         2d6       50%         3
 Airstrike                Air            2%         N/A       88%         4
 Animate Armour           Summ/Erth      8%         N/A       88%         4
 Animate Dead             Necr           2%         N/A       88%         4
 Flame Wave               Conj/Fire      4%         2d4       88%         4
 Fulminant Prism          Conj/Hex       2%         3d6       88%         4
 Summon Lightning Spire   Summ/Air       4%         N/A       88%         4
 Agony                    Necr           4%         N/A       99%         5
 Alistair's Intoxication  Tmut/Pois      2%         N/A       99%         5
 Blade Hands              Tmut           2%         N/A       99%         5
 Borgnjor's Vile Clutch   Necr/Erth      2%         N/A       99%         5
 Excruciating Wounds      Necr           2%         N/A       99%         5
 Fireball                 Conj/Fire      2%         3d4       99%         5
 Lightning Bolt           Conj/Air       2%         1d13      99%         5
 Yara's Violent Unravell  Hex/Tmut       2%         3d3       99%         5
 Dispersal                Tloc           8%         N/A       99%         6
 Conjure Ball Lightning   Conj/Air       2%         3x3d6     100%        6
 Death Channel            Necr           2%         N/A       100%        6
 Eringya's Noxious Bog    Tmut/Pois      2%         N/A       100%        6
 Iron Shot                Conj/Erth      2%         9d2       100%        6
 Starburst                Conj/Fire      2%         6d3       100%        6
 Discord                  Hex            2%         N/A       100%        8
 Disjunction              Tloc           8%         N/A       100%        8
 Ignition                 Fire           2%         3d3       100%        8
 Lehudib's Crystal Spear  Conj/Erth      2%         10d2      100%        8
 Maxwell's Capacitive Co  Air            2%         ∞         100%        8
 Chain Lightning          Conj/Air       2%         3d2       100%        9
 Fire Storm               Conj/Fire      2%         8d1       100%        9
 Shatter                  Erth           2%         3d6*      100%        9


Dungeon Overview and Level Annotations

Branches:
Dungeon (14/15)            Temple (1/1) D:6            Lair (6/6) D:9
  Swamp (4/4) Lair:2       Spider (4/4) Lair:2        Slime (0/5) Lair:6
    Orc (2/2) D:11            Elf (3/3) Orc:2        Vaults (0/5) D:13
  Sewer (visited)           IceCv (visited)         Volcano (visited)

Altars:
Ashenzari
Cheibriados
Dithmenos
Elyvilon
Fedhas
Gozag
Hepliaklqana
Kikubaaqudgha
Makhleb
Nemelex Xobeh
Okawaru
Qazlal
Ru
Sif Muna
Trog
Uskayaw
Vehumet
Wu Jian
Xom
Yredelemnul
Zin
The Shining One
Beogh
Lugonu

Shops:
D:1 *   D:2 [   Orc:2 (*[(   Elf:1 ==:

Portals:
Abyss: Lair:6

Annotations:
Swamp:3 3 runed translucent doors, exclusion: door, Eboth's ghost, adept GnFi; Zukhihyth's ghost, adept DDFi
Elf:1 6 runed translucent doors


Innate Abilities, Weirdness & Mutations

You have a pair of large horns on your head.
You have an unnaturally thin skeletal structure. (Dex +6, Stealth+++)
You sometimes emit foul miasma when damaged in melee.
You are completely covered in sharp spines.


Message History

The ghostly deep elf death mage's +0 long sword falls to the floor!
Your headbutt misses the ghostly deep elf death mage.
The ghostly deep elf death mage is almost destroyed.
The ghostly deep elf death mage points at you and mumbles some strange words.
The bolt of negative energy misses you.
The deep elf zephyrmancer casts a spell.
The deep elf zephyrmancer blinks!
You impale the ghostly deep elf death mage!!
You destroy the ghostly deep elf death mage!
Unknown command.
You impale the deep elf death mage!!
The captain's cutlass flashes!
You lacerate the deep elf death mage!!
The deep elf death mage's +0 dagger falls to the floor!
Your headbutt misses the deep elf death mage.
The deep elf death mage is heavily wounded.
Unknown command.
You puncture the deep elf death mage! You headbutt the deep elf death mage!
The deep elf death mage is almost dead.
The deep elf death mage draws life force from you!
* * * LOW HITPOINT WARNING * * *
The deep elf death mage is healed by the life force!
Unknown command.
Okay, then.
You impale the deep elf death mage!!
Something assumes the form of the deep elf death mage and becomes anchored to this world!
Uskayaw links your audience in an emotional bond!
You impale the ghostly deep elf death mage!!
You headbutt the ghostly deep elf death mage!
The ghostly deep elf death mage is moderately damaged.
The deep elf zephyrmancer gestures wildly while chanting.
The deep elf zephyrmancer blinks!
You barely miss the ghostly deep elf death mage.
The ghostly deep elf death mage is moderately damaged.
You puncture the ghostly deep elf death mage!
Your headbutt misses the ghostly deep elf death mage.
The ghostly deep elf death mage is heavily damaged.
You puncture the ghostly deep elf death mage!
The ghostly deep elf death mage is severely damaged.
The ghostly deep elf death mage draws life force from you!!
You die...

.# ..# ..e. .....
### ..#/.#
##.#######
#...e###...##..§#
##..eEe#@....##..#
#..3eeee).e))))..#
##.4(ee#).)))##..#
#.e4e###...##..§#
..#2e# ##.## #)##
..... ### #§# ....
#.######+ ..#
#.......# .#
###)....##


You could see a deep elf master archer (pain bonded), 2 deep elf death magi, a
ghostly deep elf death mage (pain bonded), a blizzard demon (summoned, pain
bonded), a deep elf sorcerer (fast, pain bonded), a soul eater (summoned), a
deep elf demonologist (pain bonded), 2 deep elf archers, a deep elf knight
(fast, invisible, pain bonded), 2 hellwings, a deep elf zephyrmancer (pain
bonded) and a +1 flail of protection (pain bonded).

Vanquished Creatures
  Nikola (Swamp:3)
  Arachne (Spider:4)
  Jorgrun (Swamp:1)
  Mlioglotl (Swamp:1)
  3 deep elf blademasters
  A deep elf master archer (Elf:3)
  4 thorn hunters
  Kirke (Swamp:1)
  Donald (Spider:2)
  Aizul (Spider:1)
  3 ghost moths
  3 emperor scorpions
  A deep elf sorcerer (Elf:3)
  An orc warlord (Orc:1)
  2 deep elf elementalists (Elf:3)
  A reaper (IceCv)
  2 deep elf demonologists (Elf:3)
  6 eleionomae
  2 bunyips
  3 entropy weavers
  4 spark wasps
  3 deep elf annihilators (Elf:3)
  4 deep elf death magi (Elf:3)
  Josephine (Orc:2)
  A shambling mangrove (Swamp:4)
  3 deep elf high priests (Elf:1)
  Erolcha (Orc:2)
  16 hydras
  3 jorogumos
  Harold (Orc:1)
  4 boulder beetles
  A ghost crab (Swamp:2)
  A radroach (Spider:3)
  A catoblepas (Lair:4)
  Erica (Lair:1)
  3 two-headed ogres
  2 centaur warriors (D:13)
  34 dancing weapons
  11 alligators
  2 death yaks (Lair:6)
  A spriggan berserker (Swamp:2)
  3 thrashing horrors (Lair:6)
  Urug (D:10)
  19 deep elf knights
  A fire crab (Volcano)
  3 pharaoh ants
  3 sun moths
  4 steelbarb worms
  3 spriggan druids
  4 goliath frogs
  9 bog bodies
  12 deep elf archers
  8 swamp dragons
  A wizard (D:7)
  A lindwurm (Volcano)
  9 orc knights
  15 orb spiders
  26 deep elf pyromancers
  20 deep elf zephyrmancers
  2 orc sorcerers
  A manticore (D:13)
  3 ugly things
  24 wolf spiders
  11 elephants
  6 black mambas
  7 moths of wrath
  An ice statue (IceCv)
  A smoke demon (Lair:6)
  12 cane toads
  8 torpor snails
  3 rime drakes
  3 gargoyles
  An unseen horror (D:12)
  A freezing wraith (IceCv)
  12 komodo dragons
  2 kobold demonologists (D:13)
  24 demonic crawlers
  An anaconda simulacrum (IceCv)
  2 trolls (shapeshifter) (Lair:6)
  A queen bee (shapeshifter) (Lair:6)
  A meliai (shapeshifter) (D:9)
  An ancient zyme (Lair:6)
  7 trolls
  A bloated husk (Swamp:1)
  2 polar bears
  A queen bee (D:10)
  31 tarantellas
  15 meliai
  A tarantella (shapeshifter) (Lair:6)
  7 hornets
  2 tyrant leeches
  14 dream sheep
  15 blink frogs
  4 slime creatures
  32 jumping spiders
  12 culicivoras
  4 wraiths (Orc:2)
  An air elemental (Elf:1)
  2 shadows
  8 water elementals
  5 spriggans
  5 wyverns
  2 ynoxinuls (Lair:6)
  A vampire (D:12)
  A dire elephant simulacrum (IceCv)
  11 small abominations (Lair:6)
  66 yaks
  4 steam dragons
  4 fire elementals
  2 hogs (Swamp:1)
  3 vampire mosquitoes (D:9)
  69 redbacks
  4 basilisks
  2 chaos spawn (Lair:6)
  2 death yak simulacra (IceCv)
  2 harpy simulacra (IceCv)
  Edmund (D:5)
  11 swamp worms
  5 wargs
  2 acid dragons (D:13)
  2 hell hounds (Volcano)
  18 water moccasins
  40 orc warriors
  7 swamp drakes
  A black bear (D:6)
  2 hornet zombies
  6 ogres
  A sky beast (D:7)
  15 wolves (Lair:5)
  7 centaurs
  4 kobold brigands (D:13)
  Blork the orc (D:6)
  2 earth elementals
  13 bullfrogs
  3 scorpions
  A water moccasin zombie (D:7)
  9 two-headed ogre simulacra (IceCv)
  A cane toad simulacrum (IceCv)
  21 killer bees (D:10)
  13 wights
  4 howler monkeys
  4 electric eels
  A bullfrog zombie (D:5)
  6 centaur zombies
  2 hounds
  4 jellies
  18 orc priests
  A centaur skeleton (D:5)
  Terence (D:3)
  6 iguanas
  31 orc wizards
  10 hell rats
  2 polar bear simulacra (IceCv)
  13 troll simulacra (IceCv)
  A spriggan simulacrum (IceCv)
  16 gnolls
  2 howler monkey zombies
  3 naga simulacra (IceCv)
  3 river rats (D:3)
  10 adders
  A shadow imp (D:7)
  7 white imps
  6 ufetubi (IceCv)
  An adder skeleton (D:4)
  6 worms
  12 dart slugs
  101 orcs
  9 bats
  8 endoplasms
  4 giant cockroaches
  3 goblins
  6 hobgoblins
  6 jackals (D:2)
  5 kobolds
  A quokka (D:4)
  2 ball pythons
  4 frilled lizards
  5 rats
1260 creatures vanquished.

Vanquished Creatures (others)
  A spark wasp (Spider:4)
  A bunyip (Swamp:4)
  2 deep elf pyromancers (Elf:2)
  2 bloated husks
  A water elemental (Elf:2)
  3 humans (Swamp:1)
  2 orc warriors
  An orc (Elf:1)
  A briar patch (Swamp:4)
  30 fungi
  28 plants
  5 withered plants (Swamp:3)
77 creatures vanquished.

Grand Total: 1337 creatures vanquished

Notes
Turn   | Place    | Note
-------+----------+-------------------------------------------
     0 | D:1      | Shayle the Demonspawn Warper began the quest for the Orb.
     0 | D:1      | Reached XP level 1. HP: 16/16 MP: 3/3
   112 | D:1      | Reached skill level 1 in Stealth
   473 | D:1      | Gained mutation: You have a pair of small horns on your
                  | head. [demonic ancestry]
   473 | D:1      | Reached XP level 2. HP: 19/22 MP: 5/5
   932 | D:1      | Found Vuzueqesk's General Store.
   940 | D:1      | Bought a scroll of fear for 42 gold pieces
  1826 | D:2      | Found Alejuj's Armour Shop.
  2056 | D:2      | Gained mutation: You have a pair of horns on your head.
                  | [demonic ancestry]
  2056 | D:2      | Reached XP level 3. HP: 21/27 MP: 6/6
  3208 | D:3      | Gained mutation: You are partially covered in sharp spines.
                  | [demonic ancestry]
  3208 | D:3      | Reached XP level 4. HP: 21/33 MP: 7/7
  3322 | D:3      | Found a glowing drain.
  3352 | Sewer    | Entered a sewer
  3682 | Sewer    | Noticed a water moccasin
  3693 | Sewer    | Killed a water moccasin
  3694 | Sewer    | Reached skill level 5 in Stealth
  3694 | Sewer    | Gained mutation: You have a somewhat thin skeletal
                  | structure. (Dex +2, Stealth+) [demonic ancestry]
  3694 | Sewer    | Reached XP level 5. HP: 24/38 MP: 8/8
  3916 | D:3      | Gained mutation: You have a pair of large horns on your
                  | head. [demonic ancestry]
  3916 | D:3      | Reached XP level 6. HP: 37/44 MP: 9/9
  4290 | D:3      | Found a faded altar of an unknown god.
  4291 | D:3      | Noticed Terence
  4307 | D:3      | Killed Terence
  4333 | D:3      | Found a sparkling altar of Nemelex Xobeh.
  4716 | D:4      | Found a blossoming altar of Fedhas.
  5310 | D:4      | Reached XP level 7. HP: 45/50 MP: 10/10
  5653 | D:5      | Entered Level 5 of the Dungeon
  5812 | D:5      | Found a bloodstained altar of Trog.
  6089 | D:5      | Reached skill level 2 in Dodging
  6097 | D:5      | Noticed Edmund
  6110 | D:5      | Killed Edmund
  6111 | D:5      | Reached skill level 3 in Dodging
  6464 | D:5      | Reached skill level 4 in Dodging
  6609 | D:5      | Reached XP level 8. HP: 50/56 MP: 9/11
  6941 | D:5      | Found a hide-covered altar of Uskayaw.
  6944 | D:5      | Reached skill level 5 in Dodging
  7291 | D:6      | Reached skill level 6 in Dodging
  7380 | D:6      | Found an ancient bone altar of Kikubaaqudgha.
  7481 | D:6      | Found an iron altar of Okawaru.
  7529 | D:6      | Found a staircase to the Ecumenical Temple.
  7545 | Temple   | Entered the Ecumenical Temple
  8213 | D:5      | Became a worshipper of Uskayaw the Reveller
  8359 | D:6      | Reached * piety under Uskayaw
  8361 | D:6      | Reached ** piety under Uskayaw
  8368 | D:6      | Reached skill level 1 in Invocations
  8379 | D:6      | Reached *** piety under Uskayaw
  8650 | D:6      | Noticed Blork the orc
  8658 | D:6      | Killed Blork the orc
  8779 | D:7      | Reached skill level 7 in Dodging
  8800 | D:7      | Noticed a wizard
  8806 | D:7      | Killed a wizard
  8807 | D:7      | Gained mutation: You may rarely emit foul miasma when
                  | damaged in melee. [demonic ancestry]
  8807 | D:7      | Reached XP level 9. HP: 65/65 MP: 12/12
  8810 | D:7      | Learned a level 2 spell: Blink
  8814 | D:7      | Learned a level 3 spell: Teleport Other
  9320 | D:7      | Reached skill level 1 in Shields
  9436 | D:7      | Reached skill level 5 in Invocations
 10150 | D:8      | Reached skill level 5 in Fighting
 10246 | D:8      | Reached skill level 8 in Dodging
 11061 | D:9      | You fall into a shaft and drop 3 floors!
 11447 | D:12     | Noticed an unseen horror
 11464 | D:12     | Killed an unseen horror
 11465 | D:12     | Gained mutation: You are mostly covered in sharp spines.
                  | [demonic ancestry]
 11465 | D:12     | Reached XP level 10. HP: 65/74 MP: 12/15
 11472 | D:12     | Reached **** piety under Uskayaw
 11482 | D:12     | Reached ***** piety under Uskayaw
 11793 | D:11     | Noticed a two-headed ogre
 11879 | D:10     | Entered Level 10 of the Dungeon
 12250 | D:9      | Reached skill level 9 in Dodging
 12279 | D:9      | Found an opulent altar of Gozag.
 12355 | D:10     | Found a radiant altar of Vehumet.
 12748 | D:10     | Noticed Urug
 12750 | D:10     | Noticed a gargoyle
 13129 | D:11     | Reached XP level 11. HP: 42/84 MP: 4/18
 13428 | D:11     | Found a staircase to the Orcish Mines.
 13834 | D:11     | Identified the +9 flail "Leviticus" {vorpal, Dex+3 SInv}
 13928 | D:11     | Learned a level 5 spell: Manifold Assault
 13936 | D:11     | Killed a two-headed ogre
 14446 | D:10     | Found a snail-covered altar of Cheibriados.
 14448 | D:10     | Found a sacrificial altar of Ru.
 14448 | D:10     | Found a shimmering altar of Xom.
 14450 | D:10     | Found a sacrificial altar of Ru.
 14450 | D:10     | Found an ancient bone altar of Kikubaaqudgha.
 14450 | D:10     | Found a stormy altar of Qazlal.
 14703 | D:1      | Bought the +7 captain's cutlass {speed, disarm} for 648
                  | gold pieces
 14703 | D:1      | Found the +7 captain's cutlass {speed, disarm}
 14915 | D:9      | Reached skill level 1 in Short Blades
 15058 | D:9      | Noticed a two-headed ogre
 15109 | D:9      | Reached ****** piety under Uskayaw
 15358 | D:10     | Killed Urug
 15553 | D:12     | Noticed a cyan ugly thing
 15567 | D:11     | Killed a cyan ugly thing
 15616 | D:11     | Reached skill level 5 in Short Blades
 16356 | D:13     | Noticed a deep elf pyromancer
 16366 | D:13     | Killed a deep elf pyromancer
 16582 | D:13     | Noticed a centaur warrior
 16595 | D:13     | Killed a centaur warrior
 16596 | D:13     | Gained mutation: You are completely covered in sharp
                  | spines. [demonic ancestry]
 16596 | D:13     | Reached XP level 12. HP: 64/94 MP: 19/19
 16883 | D:13     | Identified the +3 ring mail "Zupsischo" {+Blink rF- Str+6}
 16884 | D:13     | Noticed a boulder beetle
 16896 | D:13     | Killed a boulder beetle
 16902 | D:13     | Found a gate to the Vaults.
 17036 | D:13     | Noticed a centaur warrior
 17046 | D:13     | Killed a centaur warrior
 17206 | D:13     | Identified a scroll of acquirement
 17206 | D:13     | Acquired the +3 pair of seven-league boots {Rampage+∞}
 17206 | D:13     | Found the +3 pair of seven-league boots {Rampage+∞}
 17901 | D:9      | Acquired a manual of Dodging
 17903 | D:9      | Acquired a +8 quick blade
 18159 | D:9      | Reached skill level 10 in Short Blades
 18335 | D:9      | Killed a two-headed ogre
 18452 | D:9      | Found a staircase to the Lair.
 18461 | Lair:1   | Entered Level 1 of the Lair of Beasts
 18547 | Lair:1   | Reached skill level 10 in Dodging
 18707 | Lair:1   | Noticed Erica
 18716 | Lair:1   | Killed Erica
 18886 | Lair:1   | Reached XP level 13. HP: 99/99 MP: 20/20
 19014 | Lair:1   | Reached skill level 11 in Dodging
 19281 | Lair:2   | Found a hole to the Spider Nest.
 19405 | Lair:2   | Found a staircase to the Swamp.
 19420 | Lair:2   | Reached skill level 12 in Dodging
 19464 | Lair:2   | Found a dark tunnel.
 19493 | Volcano  | Entered a volcano
 19877 | Lair:2   | Reached skill level 13 in Dodging
 20349 | Lair:3   | Found a frozen archway.
 20357 | IceCv    | Entered an ice cave
 21213 | IceCv    | Noticed a reaper
 21335 | IceCv    | Killed a reaper
 21349 | IceCv    | Identified the amulet of Ruv Okem {RegenMP Will+}
 22084 | Lair:3   | Reached skill level 14 in Dodging
 23090 | Lair:4   | Reached XP level 14. HP: 106/106 MP: 21/21
 23135 | Lair:4   | Reached skill level 15 in Dodging
 23174 | Lair:4   | Acquired 1031 gold pieces
 23175 | Lair:4   | Acquired 796 gold pieces
 23176 | Lair:4   | Acquired the ring of Incredulity {Will+ Dex+6 Stlth+}
 25219 | Lair:6   | Entered Level 6 of the Lair of Beasts
 25290 | Lair:6   | Reached skill level 10 in Invocations
 25371 | Lair:6   | Reached skill level 16 in Dodging
 25850 | Lair:6   | Found a staircase to the Slime Pits.
 26042 | Orc:1    | Entered Level 1 of the Orcish Mines
 26078 | Orc:2    | Entered Level 2 of the Orcish Mines
 26194 | Orc:2    | Noticed Erolcha
 26201 | Orc:2    | Killed Erolcha
 26251 | Orc:2    | Noticed Josephine
 26260 | Orc:2    | Killed Josephine
 26300 | Orc:2    | Found Hequw Luop's Antique Armour Shoppe.
 26300 | Orc:2    | Found Gytasoyf's Weapon Boutique.
 26637 | Orc:2    | Found Kuvaj's Assorted Antiques.
 26657 | Orc:2    | Found Munlaug's Antique Weapon Shoppe.
 26697 | Orc:2    | Bought a scroll of teleportation for 63 gold pieces
 27095 | Orc:2    | Found a staircase to the Elven Halls.
 27360 | Orc:1    | Reached skill level 10 in Fighting
 27748 | Orc:1    | Noticed Harold
 27762 | Orc:1    | Killed Harold
 27763 | Orc:1    | Reached XP level 15. HP: 94/115 MP: 19/23
 27911 | Orc:1    | Noticed an orc warlord
 27922 | Orc:1    | Killed an orc warlord
 28373 | Lair:6   | Found a corrupted altar of Lugonu.
 28373 | Lair:6   | Found a one-way gate to the infinite horrors of the Abyss.
 29054 | Spider:1 | Entered Level 1 of the Spider Nest
 29151 | Spider:1 | Noticed Aizul
 29178 | Spider:1 | Killed Aizul
 29179 | Spider:1 | Reached skill level 17 in Dodging
 29741 | Orc:2    | Bought a potion of resistance for 210 gold pieces
 29741 | Orc:2    | Bought a potion of berserk rage for 105 gold pieces
 29741 | Orc:2    | Bought a scroll of brand weapon for 420 gold pieces
 30063 | D:1      | Bought a scroll of enchant weapon for 90 gold pieces
 30306 | Swamp:1  | Entered Level 1 of the Swamp
 30306 | Swamp:1  | Noticed Kirke
 30314 | Swamp:1  | Killed Kirke
 30380 | Swamp:1  | Identified the +4 long sword "Killer Bee's Peril" {flame,
                  | rCorr Dex+5}
 31015 | Swamp:1  | Noticed Mlioglotl
 31036 | Swamp:1  | Killed Mlioglotl
 31265 | Swamp:1  | Noticed Jorgrun
 31270 | Swamp:1  | Killed Jorgrun
 31279 | Swamp:1  | You fall into a shaft and drop 1 floor!
 32380 | Swamp:2  | Gained mutation: You have a moderately thin skeletal
                  | structure. (Dex +4, Stealth++) [demonic ancestry]
 32380 | Swamp:2  | Reached XP level 16. HP: 96/127 MP: 26/26
 32546 | Swamp:2  | Noticed a thorn hunter
 32561 | Swamp:2  | Killed a thorn hunter
 32987 | Swamp:3  | Found a runed translucent gate.
 32987 | Swamp:3  | Found a runed translucent gate.
 32988 | Swamp:3  | Found a runed translucent gate.
 32991 | Swamp:3  | Noticed Eboth's ghost (adept GnFi)
 32991 | Swamp:3  | Noticed Zukhihyth's ghost (adept DDFi)
 33068 | Swamp:3  | Reached skill level 15 in Invocations
 33170 | Swamp:3  | Noticed a thorn hunter
 33192 | Swamp:3  | Killed a thorn hunter
 33481 | Swamp:3  | Noticed Nikola
 33510 | Swamp:3  | Killed Nikola
 33954 | Swamp:4  | Entered Level 4 of the Swamp
 34204 | Swamp:4  | Identified the +11 hand axe of Plunder {drain, Int+3 Dex+8}
 34275 | Swamp:4  | Reached skill level 18 in Dodging
 34613 | Swamp:4  | Noticed a thorn hunter
 34618 | Swamp:4  | Killed a thorn hunter
 34892 | Swamp:4  | Noticed a thorn hunter
 34917 | Swamp:4  | Killed a thorn hunter
 34923 | Swamp:4  | Got a decaying rune of Zot
 36486 | Spider:2 | Noticed Donald
 36487 | Spider:2 | Killed Donald
 37355 | Spider:2 | Gained mutation: You sometimes emit foul miasma when
                  | damaged in melee. [demonic ancestry]
 37355 | Spider:2 | Reached XP level 17. HP: 138/138 MP: 29/29
 37947 | Spider:3 | Reached skill level 5 in Shields
 39228 | Spider:4 | Entered Level 4 of the Spider Nest
 39566 | Spider:4 | Noticed Arachne
 39573 | Spider:4 | Killed Arachne
 40106 | Spider:4 | Reached skill level 10 in Shields
 41304 | Spider:4 | Got a gossamer rune of Zot
 42011 | Elf:1    | Entered Level 1 of the Elven Halls
 42022 | Elf:1    | Gained mutation: You have an unnaturally thin skeletal
                  | structure. (Dex +6, Stealth+++) [demonic ancestry]
 42022 | Elf:1    | Reached XP level 18. HP: 144/145 MP: 30/30
 42324 | Elf:1    | Found Kymuveq's Jewellery Emporium.
 42325 | Elf:1    | Found Faomp's Book Boutique.
 42552 | Elf:1    | Found a runed translucent gate.
 42552 | Elf:1    | Found a runed translucent gate.
 42552 | Elf:1    | Found a runed translucent gate.
 42552 | Elf:1    | Found a runed translucent gate.
 42555 | Elf:1    | Found a runed translucent gate.
 42555 | Elf:1    | Found a runed translucent gate.
 43636 | Elf:1    | Found Ofesm's Jewellery Emporium.
 43707 | Elf:2    | Identified the +4 long sword of Circular Logic {venom, rF+
                  | Dex+3}
 43742 | Elf:2    | Found a runed translucent gate.
 43743 | Elf:2    | Found a runed translucent gate.
 43743 | Elf:2    | Found a runed translucent gate.
 44542 | Elf:2    | Reached skill level 15 in Shields
 44545 | Elf:2    | Reached skill level 1 in Armour
 45334 | Elf:3    | Entered Level 3 of the Elven Halls
 45752 | Elf:3    | Reached skill level 5 in Spellcasting
 45752 | Elf:3    | Reached XP level 19. HP: 74/143 MP: 31/31
 45785 | Elf:3    | Identified the +10 shortbow "Kaeh" {vorpal, Dex+3}
 45830 | Elf:3    | HP: 1/229 [deep elf death mage/vampiric draining (17)]
 45835 | Elf:3    | Killed from afar by a ghostly deep elf death mage

Illustrated notes

Levels and vault maps discovered:
D:1:      onia_arrival_mini_spirals, layout_basic, serial_shops,
          nicolae_shop_hallway_stairs, patterned_corridor
D:2:      layout_loops_corners, serial_shops, nicolae_lakefront_shop,
          minivault_14
D:3:      layout_loops_cross, amcnicky_altar_gilded, portal_sewer_entry_c,
          ebering_ecumenical_altar_mist, uniq_terence
D:4:      layout_rooms, fedhas_ov_isle_minmay, minmay_starry_boxes
D:5:      kennysheep_slugbush, layout_loops_ring, bloody_trog,
          mainiacjoe_overflow_alcove_2, uniq_edmund
D:6:      layout_basic, kennysheep_mini_moat, mainiacjoe_overflow_paths,
          minmay_temple_entry_stoned_glass, uniq_blork_the_orc
D:7:      cheibrodos_wizards_tower, layout_basic
D:8:      layout_loops_cross, minmay_misc_feat_tower
D:9:      layout_stronghold, grunt_gozag_breadcrumbs, lair_entry_dummy,
          grunt_potential
D:10:     layout_roguey, vehumet_altar_wand_db, doesnt_xom_only_xom,
          serial_glass, glass_columns_a, glass_columns_a, glass_columns_b,
          glass_columns_b, glass_columns_a, glass_columns_a, chequers_arboretum,
          chequers_serial_rivers_marsh, nicolae_looking_at_the_future, uniq_urug
D:11:     layout_irregular_city, david_orc_3
D:12:     layout_stronghold
D:13:     layout_gridville, erik_vaults_1
D:14:     layout_loops_ring, minmay_misc_feat_alley, minmay_statue_crystal_thing
Temple:   oiseaux_autumnal_temple
Lair:1:   layout_loops_ring, serial_bayou, serial_bayou_shore_b,
          serial_bayou_pond_e, serial_bayou_shore_b, serial_bayou_pond_c,
          grunt_megastairs_5, lemuel_fruit_fields, uniq_erica
Lair:2:   layout_cave_pods, skrybe_swamp_entry_bodies,
          nicolae_spider_entry_non_spiders, nicolae_volcano_entry_lava_flow,
          serial_bayou_crossing
Lair:3:   layout_cave_pods, portal_ice_cave_rime, minmay_hedge_maze
Lair:4:   layout_cave_pods, minivault_24, fungi_pond_lemuel, grunt_megastairs_4,
          serial_bayou_shore_a
Lair:5:   layout_regular_city
Lair:6:   hellmonk_lair_end_abyssal_woods, layout_small_grid,
          nicolae_slime_entry_slimehenge
Swamp:1:  layout_falls_marsh, nicolae_swamp_treefoil, uniq_jorgrun,
          uniq_mlioglotl, uniq_kirke
Swamp:2:  layout_basic_swamp, serial_swamp_ruin, evilmike_swamp_ruin_house_2,
          evilmike_swamp_ruin_rubble_2, swamp_pool3, nicolae_swamp_big_swirl
Swamp:3:  layout_falls_marsh, gammafunk_ghost_cemetery, hangedman_swamp_diagram,
          swamp_pool3, nicolae_swamp_necromancy_gone_wrong, uniq_nikola
Swamp:4:  swamp_basic_johnstein, layout_basic_swamp
Spider:1: layout_spider_delve, worms_lemuel, uniq_aizul
Spider:2: layout_spider_delve, special_room, uniq_donald
Spider:3: layout_cave_pods, hangedman_spider_tarantella_strand
Spider:4: johnstein_spider_rune_arachne_lair, special_room
Orc:1:    layout_diamond_mine, uniq_harold
Orc:2:    st_orc_town, layout_diamond_mine, uniq_erolcha, uniq_josephine
Elf:1:    eino_elf_arrival_the_gate, layout_rooms, orc_legates,
          minmay_shop_grove
Elf:2:    nicolae_elf_blades_crystal_corner, layout_geoelf_diagonals
Elf:3:    grunt_elf_hall_diamonds, layout_geoelf_diagonals

Skill      XL: |  1  2  3  4  5  6  7  8  9 10 11 12 13 14 15 16 17 18 19 |
---------------+----------------------------------------------------------+-----
Stealth        | 1 2 3 5 7 8 |  8.0
Dodging        | 4 7 8 9 10 14 16 17 18 | 18.5
Invocations    | 4 6 9 11 14 16 17 | 17.0
Fighting       | 3 5 7 8 10 12 13 14 | 14.5
Shields        | 3 4 11 15 | 15.0
Translocations | 4 |  4.0
Spellcasting   | 3 5 |  5.5
Short Blades   | 7 11 13 14 | 14.0
Armour         | 3 4 |  4.2
Axes           | |  1.7
Throwing       | |  0.8

Action                   |  1- 3 |  4- 6 |  7- 9 | 10-12 | 13-15 | 16-18 | 19-21 || total
-------------------------+-------+-------+-------+-------+-------+-------+-------++-------
Melee: Hand axe          |   106 |       |       |       |       |       |       ||   106
       Headbutt          |    15 |    22 |    51 |   109 |   280 |   370 |    22 ||   869
       Whip              |    17 |    50 |    71 |    84 |       |       |       ||   222
       Dagger            |       |    64 |   214 |    42 |       |       |       ||   320
       Cutlass           |       |       |       |   307 |  1117 |  1188 |    78 ||  2690
       Flail             |       |       |       |    29 |     4 |       |       ||    33
       Scimitar          |       |       |       |       |    54 |    53 |       ||   107
       Quick blade       |       |       |       |       |    52 |   231 |       ||   283
Throw: Boomerang         |       |       |     5 |       |       |       |       ||     5
       Javelin           |       |       |       |     4 |       |       |       ||     4
 Cast: Blink             |       |       |     2 |       |       |     1 |       ||     3
Invok: Line Pass         |       |       |     5 |    18 |    22 |    10 |       ||    55
       Stomp             |       |       |     2 |     2 |     4 |     1 |       ||     9
       Grand Finale      |       |       |       |     1 |    11 |     7 |     1 ||    20
Evoke: Wand              |       |       |    30 |    14 |    11 |     5 |       ||    60
  Use: Scroll            |       |     6 |    14 |    18 |    11 |     9 |       ||    58
       Potion            |       |       |     1 |     3 |    11 |    10 |     4 ||    29
 Stab: Sleeping          |     2 |     7 |    17 |     9 |    30 |    14 |       ||    79
       Paralysed         |       |       |     3 |    43 |    90 |   127 |       ||   263
       Distracted        |       |       |     1 |     1 |     2 |     5 |       ||     9
       Confused          |       |       |       |     8 |    14 |    14 |       ||    36
       Invisible         |       |       |       |       |       |     2 |       ||     2
Armor: Leather armour    |    26 |    17 |    54 |    69 |   119 |   109 |     2 ||   396
       Troll leather arm |       |       |       |     9 |    15 |       |       ||    24
       Ring mail         |       |       |       |       |     9 |       |       ||     9
       Chain mail        |       |       |       |       |     6 |       |       ||     6
Dodge: Dodged            |    79 |    46 |   156 |   272 |   496 |   645 |     9 ||  1703
Block: Buckler           |       |       |    24 |   109 |   165 |   189 |       ||   487
       Kite shield       |       |       |       |       |       |    84 |    22 ||   106
       Reflection        |       |       |       |       |       |     9 |     5 ||    14

Table legend: (Time is in decaauts)
 A = Elapsed time spent in this place.
 B = Non-inter-level travel time spent in this place.
 C = Inter-level travel time spent in this place.
 D = Time resting spent in this place.
 E = Time spent auto-exploring this place.
 F = Levels seen in this place.
 G = Mean time per level.
                   A        B        C        D        E       F      G
               +--------+--------+--------+--------+--------+-----+--------+
         Total |  44499 |  40612 |   3887 |  11227 |  20188 |  37 | 1202.7 |
       Dungeon |  18772 |  16573 |   2199 |   4511 |   8130 |  14 | 1340.9 |
        Temple |    301 |    266 |     35 |      0 |    252 |   1 |  301.0 |
          Lair |   6907 |   6048 |    859 |    473 |   4290 |   6 | 1151.2 |
         Swamp |   5099 |   4892 |    207 |   1814 |   2233 |   4 | 1274.8 |
   Spider Nest |   5625 |   5339 |    286 |   1699 |   2505 |   4 | 1406.2 |
  Orcish Mines |   2205 |   1994 |    211 |    529 |    969 |   2 | 1102.5 |
   Elven Halls |   3253 |   3165 |     88 |    963 |   1428 |   3 | 1084.3 |
         Sewer |    470 |    470 |      0 |    374 |      4 |   1 |  470.0 |
      Ice Cave |   1654 |   1654 |      0 |    862 |    250 |   1 | 1654.0 |
       Volcano |    209 |    209 |      0 |      0 |    126 |   1 |  209.0 |
               +--------+--------+--------+--------+--------+-----+--------+

Top non-repeatable levels by time:
     D:2: 2002 daAuts
Spider:3: 1897 daAuts
Spider:4: 1815 daAuts
     D:5: 1765 daAuts
    D:11: 1725 daAuts
   IceCv: 1654 daAuts
    D:12: 1471 daAuts
   Orc:2: 1459 daAuts
   Elf:2: 1451 daAuts
     D:9: 1428 daAuts
 Swamp:1: 1408 daAuts
     D:1: 1406 daAuts
  Lair:2: 1404 daAuts
   Elf:1: 1385 daAuts
 Swamp:3: 1375 daAuts
